 Dungeon Crawl Stone Soup version 0.30-a0-778-g2ef04afb54 (webtiles) character file.

Game seed: 14966467952950569573

4789 Newt the Basher (level 10, -2/75 HPs)
             Began as a Demonspawn Gladiator on Feb 15, 2023.
             Was an Initiate of Gozag.
             Slain by a killer bee (3 damage)
             ... on level 9 of the Dungeon.
             The game lasted 00:11:06 (8666 turns).

Newt the Basher (Demonspawn Gladiator)              Turns: 8666, Time: 00:11:07

Health: -2/75      AC:  5    Str: 20    XL:     10   Next: 24%
Magic:  10/10      EV: 12    Int:  9    God:    Gozag
Gold:   637        SH:  0    Dex: 14    Spells: 9/9 levels left

rFire   + + .      SeeInvis +    r - +6 whip "Daoji" {protect, rF+}
rCold   + . .      Faith    .    (no shield)
rNeg    . . .      Spirit   .    C - +0 leather armour {rPois}
rPois   +          Reflect  .    (helmet restricted)
rElec   .          Harm     .    D - scarf {rC+ rF+}
rCorr   .          Rampage  .    (no gloves)
Will    +....                    n - +0 pair of boots
Stlth   +                        (no amulet)
HPRegen 0.32/turn                k - ring of see invisible
MPRegen 0.12/turn                x - ring of willpower

@: lethally poisoned (-2 -> -5)
A: antennae 1, ignite blood 2, sturdy frame 2, demonic magic 1
a: Renounce Religion, Potion Petition, Call Merchant, Bribe Branch


You were on level 9 of the Dungeon.
You worshipped Gozag.
Gozag was pleased with you.
You visited 2 branches of the dungeon, and saw 10 of its levels.

You collected 731 gold pieces.
You paid 94 gold pieces to Gozag.

Inventory:

Hand Weapons
 a - a +1 rapier of flaming
 r - the +6 whip "Daoji" (weapon) {protect, rF+}
   (You found it on level 3 of the Dungeon)

   rF:        It protects you from fire.
Missiles
 d - 3 throwing nets (quivered)
 e - a javelin
 q - 18 poisoned darts
Armour
 b - a +0 leather armour
 c - a +0 helmet
 g - a +1 cloak
 n - a +0 pair of boots (worn)
 v - a scarf of invisibility
 C - a +0 leather armour of poison resistance (worn)
 D - a scarf of resistance (worn)
Jewellery
 k - a ring of see invisible (left hand)
 s - a ring of fire
 x - a ring of willpower (right hand)
Wands
 h - a wand of acid (5)
 p - a wand of mindburst (19)
 y - a wand of digging (5)
 B - a wand of polymorph (6)
Scrolls
 l - 6 scrolls of poison
 o - 2 scrolls of torment
 t - a scroll of vulnerability
 w - a scroll of teleportation
Potions
 f - a potion of resistance
 i - a potion of might
 j - 6 potions of curing
 m - a potion of mutation
 u - 2 potions of brilliance
 z - a potion of cancellation
 A - a potion of magic {unknown}


   Skills:
 + Level 5.6 Fighting
 - Level 4.0 Short Blades
 - Level 10.0 Maces & Flails
 - Level 1.7 Throwing
 - Level 6.0 Armour
 - Level 2.6 Dodging
 - Level 5.0 Evocations


You had 9 spell levels left.
You didn't know any spells.
Your spell library contained the following spells:

 Spells                   Type           Power      Damage    Failure   Level
 Sandblast                Erth           0%         2d4       38%         1
 Blink                    Tloc           0%         N/A       52%         2
 Lesser Beckoning         Tloc           0%         N/A       52%         2
 Momentum Strike          Conj/Tloc      0%         3d8       52%         2
 Passwall                 Tmut/Erth      0%         N/A       52%         2
 Frozen Ramparts          Ice            0%         1d1       77%         3
 Stone Arrow              Conj/Erth      0%         3d7       77%         3
 Animate Armour           Summ/Erth      0%         N/A       99%         4
 Ice Form                 Ice/Tmut       0%         N/A       99%         4
 Summon Ice Beast         Ice/Summ       0%         N/A       99%         4
 Lehudib's Crystal Spear  Conj/Erth      0%         10d2      100%        8
 Chain Lightning          Conj/Air       0%         N/A       100%        9
 Fire Storm               Conj/Fire      0%         5d1       100%        9
 Shatter                  Erth           0%         3d5*      100%        9


Dungeon Overview and Level Annotations

Branches:
Dungeon (9/15)             Temple (1/1) D:7
   Lair: D:8-11         Orc: D:9-12

Altars:
Ashenzari
Cheibriados
Dithmenos
Fedhas
Gozag
Hepliaklqana
Kikubaaqudgha
Makhleb
Nemelex Xobeh
Ru
Sif Muna
Trog
Uskayaw
Vehumet
Wu Jian
Xom
Yredelemnul

Shops:
D:6 [


Innate Abilities, Weirdness & Mutations

You have a pair of small antennae on your head.
Your demonic aura often causes spilled blood to erupt in flames.
Your movements are less encumbered by armour. (ER -4)
Spells you cast may paralyse adjacent enemies.


Message History

The killer bee attacks as you move away!
The killer bee misses you.
You feel very sick.
The killer bee stings you but does no damage.
The killer bee stings the plant.
The plant begins to die.
The killer bee stings you but does no damage.
The black bear is distracted by your dazzling golden aura.
The black bear bites the fungus!
The fungus begins to die.
The black bear claws the fungus. x2; The water moccasin bites the plant!
The black bear growls angrily.
The killer bee attacks as you move away!
The killer bee stings you but does no damage.
You feel sick.
A nearby fungus withers and dies.
The killer bee is no longer distracted by gold.
The killer bee closely misses you.
The komodo dragon hisses menacingly.
The scorpion is distracted by your dazzling golden aura.
The killer bee stings you.
You see here a +0 trident.
The killer bee attacks as you move away!
The killer bee barely misses you.
You feel sick. The killer bee stings you. The killer bee barely misses you. x3
The killer bee attacks as you move away!
The killer bee stings you.
* * * LOW HITPOINT WARNING * * *
You feel sick.
A nearby fungus withers and dies.
The killer bee barely misses you.
The killer bee stings you but does no damage.
The killer bee attacks as you move away!
The killer bee barely misses you.
You feel sick. The killer bee stings you!
* * * LOW HITPOINT WARNING * * *
The killer bee stings you.
* * * LOW HITPOINT WARNING * * *
The killer bee stings you.
* * * LOW HITPOINT WARNING * * *
You see here 12 gold pieces.
* * * LOW HITPOINT WARNING * * *
You feel sick.
A nearby plant withers and dies.
The killer bee stings you.
You die...
Your body crumbles into a pile of gold.

#....P...P...#
#.P........#
#...PhS...P#
###..P.....#
#######.l$...+
$ +<.##
#y.....# ##..#
#y.....# $
##.###yy...?#
#[.##@.....#
##.##$.....#
#..$$.....#
####$.....#
#......#
########


You could see a komodo dragon, a water moccasin, a black bear and 4 killer bees.

Vanquished Creatures
  A two-headed ogre (D:8)
  Prince Ribbit (D:8)
  2 yaks (D:9)
  The ghost of Iich the Chopper, an amateur HOFi (D:4)
  2 steam dragons
  An acid dragon (D:9)
  4 orc warriors
  2 black bears
  A sky beast (D:7)
  2 ice beasts (D:7)
  A phantom (D:4)
  3 centaurs
  2 kobold brigands
  A wyvern zombie (D:4)
  5 bullfrogs
  A gnoll sergeant (D:8)
  A water moccasin zombie (D:4)
  4 necrophages
  2 scorpions
  6 wights (D:8)
  A centaur skeleton (D:4)
  3 hounds
  A bullfrog skeleton (D:4)
  5 orc priests
  Crazy Yiuf (D:7)
  3 iguanas
  4 orc wizards (D:8)
  Robin (D:2)
  6 adders
  8 gnolls
  A shadow imp (D:7)
  2 white imps
  An ufetubus (D:5)
  A worm (D:4)
  5 dart slugs
  18 orcs
  2 ball pythons
  8 bats
  3 endoplasms
  3 giant cockroaches
  22 goblins
  7 hobgoblins
  4 quokkas
  3 frilled lizards
  17 kobolds
  4 rats
177 creatures vanquished.

Vanquished Creatures (others)
  42 fungi (D:9)
  45 plants (D:9)
87 creatures vanquished.

Grand Total: 264 creatures vanquished

Notes
Turn   | Place    | Note
-------+----------+-------------------------------------------
     0 | D:1      | Newt the Demonspawn Gladiator began the quest for the Orb.
     0 | D:1      | Reached XP level 1. HP: 16/16 MP: 1/1
   345 | D:1      | Gained mutation: Your movements are slightly less
                  | encumbered by armour. (ER -2) [demonic ancestry]
   345 | D:1      | Reached XP level 2. HP: 8/23 MP: 2/2
   921 | D:1      | Gained mutation: Spells you cast may paralyse adjacent
                  | enemies. [demonic ancestry]
   921 | D:1      | Reached XP level 3. HP: 29/29 MP: 3/3
  1454 | D:2      | Gained mutation: You have a pair of small antennae on your
                  | head. [demonic ancestry]
  1454 | D:2      | Reached XP level 4. HP: 31/38 MP: 4/4
  1941 | D:2      | Reached skill level 5 in Fighting
  2012 | D:2      | Noticed Robin
  2026 | D:2      | Killed Robin
  2151 | D:2      | Reached XP level 5. HP: 43/44 MP: 5/5
  2793 | D:3      | Found a broken altar of Ashenzari.
  2891 | D:3      | Identified the +6 whip "Daoji" {protect, rF+}
  3070 | D:3      | Found a shimmering altar of Xom.
  3166 | D:4      | Reached skill level 1 in Maces & Flails
  3234 | D:4      | Noticed a phantom
  3244 | D:4      | Killed a phantom
  3245 | D:4      | Reached skill level 2 in Maces & Flails
  3245 | D:4      | Gained mutation: Your movements are less encumbered by
                  | armour. (ER -4) [demonic ancestry]
  3245 | D:4      | Reached XP level 6. HP: 39/51 MP: 6/6
  3379 | D:4      | Found a runed translucent gate.
  3379 | D:4      | Found a runed translucent gate.
  3380 | D:4      | Found a runed translucent gate.
  3391 | D:4      | Reached skill level 3 in Maces & Flails
  3400 | D:4      | Noticed Iich's ghost (amateur HOFi)
  3809 | D:4      | Killed Iich's ghost
  3810 | D:4      | Reached skill level 4 in Maces & Flails
  3810 | D:4      | Reached XP level 7. HP: 36/56 MP: 7/7
  3813 | D:4      | Reached skill level 5 in Maces & Flails
  3913 | D:5      | Entered Level 5 of the Dungeon
  3980 | D:5      | Reached skill level 6 in Maces & Flails
  4087 | D:5      | Gained mutation: Your demonic aura sometimes causes spilled
                  | blood to erupt in flames. [demonic ancestry]
  4087 | D:5      | Reached XP level 8. HP: 62/62 MP: 8/8
  4841 | D:6      | Reached skill level 7 in Maces & Flails
  5140 | D:6      | Reached skill level 8 in Maces & Flails
  5270 | D:6      | Found Toab's Antique Armour Shoppe.
  5406 | D:7      | Reached skill level 9 in Maces & Flails
  5827 | D:7      | Found a staircase to the Ecumenical Temple.
  5979 | Temple   | Entered the Ecumenical Temple
  6166 | Temple   | Became a worshipper of Gozag Ym Sagoz the Greedy
  6227 | D:7      | Gained mutation: Your demonic aura often causes spilled
                  | blood to erupt in flames. [demonic ancestry]
  6227 | D:7      | Reached XP level 9. HP: 21/68 MP: 9/9
  6547 | D:7      | Found a runed translucent door.
  6548 | D:7      | Noticed Crazy Yiuf
  6800 | D:7      | Killed Crazy Yiuf
  6878 | D:8      | Noticed a two-headed ogre
  6888 | D:8      | Killed a two-headed ogre
  6889 | D:8      | Reached skill level 10 in Maces & Flails
  7604 | D:8      | Reached skill level 5 in Armour
  7767 | D:8      | Reached skill level 1 in Evocations
  7791 | D:8      | HP: 2/65 [something/ball of steam (8)]
  7803 | D:8      | HP: 1/65 [something/ball of steam (4)]
  8068 | D:8      | Noticed Prince Ribbit
  8077 | D:8      | Killed Prince Ribbit
  8078 | D:8      | Reached XP level 10. HP: 73/74 MP: 10/10
  8590 | D:9      | Reached skill level 5 in Evocations
  8665 | D:9      | HP: 1/75 [killer bee (4)]
  8666 | D:9      | Slain by a killer bee

Illustrated notes

Levels and vault maps discovered:
D:1:      ncdulo_lavacross, layout_loops_cross, kennysheep_decorative_pillar,
          minmay_liquid_box
D:2:      cheibrodos_pilgrimage, layout_loops_ring, uniq_robin
D:3:      layout_rooms, mainiacjoe_overflow_alcove_1, tgw_xom,
          grunt_ministairs_9
D:4:      layout_loops_cross, gammafunk_ghost_necromancy,
          minmay_misc_feat_enclosed
D:5:      wad_lake_hut, layout_basic
D:6:      layout_rooms, serial_shops, nicolae_shop_trees
D:7:      layout_loops_ring, minmay_temple_entry_statues_pillars,
          hangedman_abyss_or_decor_lesser_grid, uniq_crazy_yiuf_cottage
D:8:      layout_basic, wad_rectangle_vault, uniq_prince_ribbit1
D:9:      layout_roguey [special_room_orc], due_lair_maze_entry_diamond
Temple:   regret_index_temple_chain_breaker

Skill      XL: |  1  2  3  4  5  6  7  8  9 10 |
---------------+-------------------------------+-----
Fighting       | 3 4 5 |  5.6
Short Blades   | 3 4 |  4.0
Maces & Flails | 2 4 6 9 10 | 10.0
Armour         | 6 |  6.0
Evocations     | 3 5 |  5.0
Throwing       | |  1.7
Dodging        | |  2.6

Action                     |  1- 3 |  4- 6 |  7- 9 | 10-12 || total
---------------------------+-------+-------+-------+-------++-------
  Melee: Rapier            |   115 |   123 |       |       ||   238
         Punch             |     3 |     1 |     7 |     1 ||    12
         Whip              |       |    54 |   273 |    60 ||   387
  Throw: Throwing net      |     1 |     3 |       |       ||     4
         Javelin           |       |     2 |       |       ||     2
  Evoke: Wand              |       |     4 |       |       ||     4
    Use: Scroll            |     4 |    11 |     7 |       ||    22
         Potion            |       |     3 |     1 |       ||     4
   Stab: Invisible         |       |     3 |     1 |       ||     4
         Sleeping          |       |       |     1 |       ||     1
         Distracted        |       |       |       |     1 ||     1
 Armour: Leather armour    |    53 |    71 |    70 |    19 ||   213
  Dodge: Dodged            |    84 |    96 |   132 |    32 ||   344

Table legend: (Time is in decaauts)
 A = Elapsed time spent in this place.
 B = Non-inter-level travel time spent in this place.
 C = Inter-level travel time spent in this place.
 D = Time resting spent in this place.
 E = Time spent auto-exploring this place.
 F = Levels seen in this place.
 G = Mean time per level.
                   A        B        C        D        E       F      G
               +--------+--------+--------+--------+--------+-----+--------+
         Total |   8597 |   8116 |    481 |   1895 |   4998 |  10 |  859.7 |
       Dungeon |   8404 |   7952 |    452 |   1895 |   4851 |   9 |  933.8 |
        Temple |    192 |    164 |     28 |      0 |    147 |   1 |  192.0 |
               +--------+--------+--------+--------+--------+-----+--------+

Top non-repeatable levels by time:
     D:7: 1733 daAuts
     D:2: 1292 daAuts
     D:8: 1223 daAuts
     D:1: 1118 daAuts
     D:3: 758 daAuts
     D:4: 753 daAuts
     D:5: 751 daAuts
     D:6: 679 daAuts
  Temple: 192 daAuts
     D:9: 94 daAuts
